Cogmind - Beta 13 @@@ ROGUE MODE // 2024.04.06 @ 12:42:17 Player: Salek Result: Destroyed by Y-45 Defender with Beam Rifle Performance ------------- Evolutions (2) 1000 Regions Visited (3) 600 Robots Destroyed (72) 360 Value Destroyed (1431) 1431 Prototype IDs (3) 60 Alien Tech Used (0) 0 Bonus (46) 46 TOTAL SCORE: 3497 Bonus ------- High Alert Combat Kills 46 Cogmind --------- Core Integrity 0/550 Matter 3/300 Energy 100/100 System Corruption 0% Temperature Cool (9) Movement Core (1350) Ox26 Location -8/Materials Parts ------- > --- POWER (1) -------- (None) > --- PROPULSION (4) --- (None) > --- UTILITY (4) ------ Improved Heat Sink Huge Storage Unit Hacking Suite > --- WEAPON (2) ------- (None) > --- INVENTORY (25) --- Light Ion Engine Light Ion Engine Light Ion Engine Hacking Suite Pulse Rifle Pulse Rifle Flak Cannon Flak Cannon Flak Cannon Gauss Cannon Peak State ------------ > --- POWER ------------ Ion Engine > --- PROPULSION ------- Gravmag System Gravmag System Gravmag System Gravmag System > --- UTILITY ---------- Heat Sink Huge Storage Unit Hacking Suite Hacking Suite > --- WEAPON ----------- Advanced Beam Rifle Precision Grenade Launcher > --- INVENTORY -------- Light Ion Engine Light Ion Engine Light Ion Engine Improved Heat Sink Hacking Suite Pulse Rifle Pulse Rifle Flak Cannon Flak Cannon Flak Cannon Gauss Cannon Gauss Cannon Precision Grenade Launcher Precision Grenade Launcher [Rating: 38] Favorites ----------- Power Ion Engine Engine Ion Engine Propulsion Aluminum Leg Treads Light Treads Leg Aluminum Leg Hover Unit Gravmag System Utility Hacking Suite Device Heat Sink Storage Small Storage Unit Hackware Hacking Suite Protection Power Shielding Weapon Heavy EM Pulse Gun Energy Gun Heavy EM Pulse Gun Energy Cannon Advanced Beam Cannon Ballistic Gun Light Assault Rifle Ballistic Cannon Light Cannon Launcher Precision Grenade Launcher Build | -11 -10 -9 -8 ------- Run | Yrd Mat Mat Mat Slots Evolved 4 | . . 2 2 Power . | . . . . Propulsion 2 | . . 2 . Utility 2 | . . . 2 Weapon . | . . . . Parts Attached 59 | 6 20 19 14 Power 9 | 2 4 3 . Engine 9 | 2 4 3 . Core . | . . . . Reactor . | . . . . Propulsion 18 | 2 4 8 4 Treads 4 | 2 2 . . Leg 10 | . 2 8 . Wheel . | . . . . Hover 4 | . . . 4 Flight . | . . . . Utility 9 | . 4 2 3 Device 4 | . 2 . 2 Storage 2 | . 1 1 . Processor . | . . . . Hackware 2 | . . 1 1 Protection 1 | . 1 . . Artifact . | . . . . Weapon 23 | 2 8 6 7 Energy Gun 13 | 2 7 3 1 Energy Cannon 1 | . . 1 . Ballistic Gun 1 | . . 1 . Ballistic Cannon 5 | . 1 1 3 Launcher 3 | . . . 3 Special Weapon . | . . . . Impact Weapon . | . . . . Slashing Weapon . | . . . . Piercing Weapon . | . . . . Special Melee Weapon . | . . . . Unidentified Prototypes 3 | . . 1 2 Parts Lost 9 | . . . 9 Power 1 | . . . 1 Propulsion 3 | . . . 3 Utility 2 | . . . 2 Weapon 3 | . . . 3 Highest Loss Streak 9 | . . . 9 To Critical Strikes . | . . . . Average Slot Usage (%) 86 | . 85 93 70 Engine 11 | . 13 11 5 Treads 11 | . 24 . . Leg 16 | . 3 37 4 Hover 2 | . . . 15 Device 5 | . 7 3 7 Storage 8 | . 6 11 9 Hackware 4 | . . 7 16 Energy Gun 18 | . 25 13 2 Ballistic Cannon 3 | . 1 7 3 Naked Turns . | . . . . Heaviest Build 98 | 9 16 94 98 Greatest Support 40 | 40 40 40 40 Greatest Overweight (x) 31 | . . 3 31 Average Overweight (x) . | . . . 4 Largest Inventory Capacity 25 | 5 8 25 25 Average Capacity 12 | 5 6 16 25 Most Carried 19 | 5 8 13 19 Average Carried 6 | 1 4 7 12 Final Capacity 25 | 5 8 25 25 Final Carried 12 | 1 3 12 10 Class Distribution -------------------- 77% | Mutant 13% | Scavenger-Mutant 8% | Hacker-Mutant Dominant Class ---------------- Mutant | -10/Materials Mutant | -9/Materials Hacker-Mutant | -8/Materials Resources | -11 -10 -9 -8 ----------- Run | Yrd Mat Mat Mat Matter Collected 954 | 260 160 513 21 Remotely . | . . . . Salvage Created 2042 | 76 504 941 521 Parts 135 | 4 31 68 32 Haulers Intercepted 3 | . 1 . 2 Recyclers Shooed 3 | . . 3 . Parts Field Recycled . | . . . . Retrieved Matter . | . . . . Parts Self-Destructed . | . . . . Prevented . | . . . . Kills | -11 -10 -9 -8 ------- Run | Yrd Mat Mat Mat Combat Hostiles Destroyed 45 | . 11 23 11 Guns 28 | . 10 16 2 Cannons 9 | . . 7 2 AOE 8 | . 1 . 7 Classes Destroyed 10 | 2 5 2 1 Worker 1 | . . . 1 Builder 8 | . 2 1 5 Tunneler 1 | 1 . . . Hauler 3 | . 1 . 2 Recycler 7 | 1 . 4 2 Operator 2 | . . 1 1 Watcher 5 | . 3 1 1 Swarmer 20 | . 6 10 4 Grunt 23 | . 5 12 6 Sentry 2 | . . 1 1 Best Kill Streak 19 | 2 5 6 19 Combat Bots Only 5 | . 4 3 5 Max Kills in Single Turn 5 | 1 1 2 5 Gunslinging . | . . . . Exploded 1 | . 1 . 1 Melee . | . . . . Uniques/NPCs Destroyed . | . . . . Combat | -11 -10 -9 -8 -------- Run | Yrd Mat Mat Mat Hostile Shots Fired 367 | . 64 134 169 Missed 86 | . 20 23 43 Damage Taken 2964 | . 435 1102 1427 Core 801 | . 40 209 552 Absorbed by Shields . | . . . . Redirected to Shielding 6 | . 6 . . Regen/Repaired (Parts) 139 | . 37 102 . Core Remaining (%) 77 | 100 84 47 . Volleys Fired 157 | 4 51 77 25 Largest 2 | 2 2 2 2 Hottest 126 | 90 90 126 97 Shots Fired 288 | 8 97 149 34 Gun 208 | 8 97 93 10 Cannon 68 | . . 56 12 Launcher 12 | . . . 12 Special . | . . . . Kinetic 71 | . . 59 12 Thermal 121 | 4 17 90 10 Explosive 12 | . . . 12 Electromagnetic 84 | 4 80 . . Robot Hit Streak 8 | 3 7 8 4 Robot Miss Streak 8 | 1 7 8 2 Penetration Max . | . . . . Secondary Targets 3 | . . 3 . Max Gunslinging Chain 1 | . . 1 . Shots Hit Robots 123 | 6 39 61 17 Core Hits 102 | 3 19 42 38 Critical Kills . | . . . . Critical Parts Destroyed . | . . . . Critical Strikes 4 | . . 3 1 Burn 2 | . . 2 . Blast 2 | . . 1 1 Melee Attacks . | . . . . Impact . | . . . . Slashing . | . . . . Piercing . | . . . . Sneak Attacks . | . . . . Combat Hostiles . | . . . . Follow-up Attacks . | . . . . Damage Inflicted 3444 | 98 636 1089 1621 Guns 1482 | 76 567 719 120 Cannons 543 | . . 370 173 Explosions 1417 | 22 69 . 1326 Melee . | . . . . Ramming 2 | . . . 2 Kinetic 543 | . . 370 173 Thermal 1067 | 71 157 719 120 Explosive 1326 | . . . 1326 Electromagnetic 506 | 27 479 . . Impact . | . . . . Slashing . | . . . . Piercing . | . . . . Highest Corruption 2 | . 2 . . Average Corruption 1 | . 1 . . Corruption Purged . | . . . . Corruption Blocked . | . . . . Effects 1 | . 1 . . Matter Fused 1 | . 1 . . Overload Shots . | . . . . Overflow Damage 33 | . 11 4 18 Projectiles 4 | . . 4 . Explosions 29 | . 11 . 18 Melee . | . . . . Knockbacks 9 | . . 9 . Impact . | . . . . Kinetic 8 | . . 8 . Secondary 1 | . . 1 . Self-Inflicted Damage 88 | . . . 88 Shots 3 | . . . 3 Rammed 1 | . . . 1 Targets Rammed 1 | . . . 1 Kicked . | . . . . Crushed . | . . . . Highest Temperature 435 | 82 196 435 9 Average Temperature 111 | 42 62 154 7 Received Heat Transfer 915 | . 144 375 396 Effects 3 | . . 3 . Interference 1 | . . 1 . Short Circuit 2 | . . 2 . Siege Activations . | . . . . Robots Corrupted 1 | . 1 . . Combat Hostiles . | . . . . Parts Fried 6 | . 6 . . Impact Corruptions . | . . . . Robots Melted . | . . . . Combat Hostiles . | . . . . Parts Melted 5 | 1 . 3 1 Heat Transferred 2505 | 198 309 1776 222 Parts Sabotaged . | . . . . Parts Stolen . | . . . . Parts Stripped . | . . . . Power Chain Reactions 3 | 1 2 . . Alert | -11 -10 -9 -8 ------- Run | Yrd Mat Mat Mat Peak Influence 474 | 10 166 309 474 Initial 130 | . 6 17 130 Average 113 | 5 49 140 300 Maximum Alert Level 2 | . . 1 2 Low Security (%) 86 | 100 100 81 43 Level 1 7 | . . 18 9 Level 2 6 | . . . 47 Level 3 . | . . . . Level 4 . | . . . . Level 5 . | . . . . High Security . | . . . . Max Security . | . . . . Squads Dispatched 11 | . 1 5 5 Investigation 3 | . . 3 . Extermination . | . . . . Reinforcement 6 | . 1 2 3 Assault . | . . . . Garrison 2 | . . . 2 Intercept . | . . . . Searches Triggered . | . . . . Construction Impeded 2 | . . . 2 Haulers Reinforced . | . . . . Active Scanning Responses . | . . . . Cargo Convoy Interrupts . | . . . . Stealth | -11 -10 -9 -8 --------- Run | Yrd Mat Mat Mat Distress Signals 9 | . 2 4 3 Communications Jammed . | . . . . Distress Signals . | . . . . Times Spotted 72 | . 18 31 23 Peak Tracking Total 8 | . 5 6 8 Tactical Retreats 1 | . 1 . . Traps | -11 -10 -9 -8 ------- Run | Yrd Mat Mat Mat Traps Triggered 8 | . 5 2 1 Indirectly . | . . . . Trap Hack Attempts . | . . . . Triggered . | . . . . Disarmed . | . . . . Reprogrammed . | . . . . Reused . | . . . . Traps Extracted . | . . . . Installed . | . . . . Triggered 1 | . 1 . . Machines | -11 -10 -9 -8 ---------- Run | Yrd Mat Mat Mat Machines Disabled 3 | . 1 . 2 Max in Single Turn 1 | . 1 . 1 Machines Repaired . | . . . . Machines Dismantled . | . . . . Machines Sabotaged . | . . . . Overloaded Fab Kills . | . . . . Hacking | -11 -10 -9 -8 --------- Run | Yrd Mat Mat Mat Machines Accessed 7 | . 4 3 . Terminals 3 | . 2 1 . Fabricators . | . . . . Repair Stations 2 | . 1 1 . Recycling Units 2 | . 1 1 . Scanalyzers . | . . . . Garrison Access . | . . . . Total Hacks 20 | . 9 11 . Successful 16 | . 6 10 . Failed 4 | . 3 1 . Catastrophic 1 | . 1 . . Database Lockouts . | . . . . Manual . | . . . . Terminals 9 | . 5 4 . Fabricators . | . . . . Repair Stations 8 | . 2 6 . Recycling Units 3 | . 2 1 . Scanalyzers . | . . . . Garrison Access . | . . . . Terminal Hacks 7 | . 4 3 . Record 1 | . . 1 . Alert Level 4 | . 3 1 . Unreport Threat 1 | . 1 . . Reinforcement Status 1 | . . 1 . Fabricator Hacks . | . . . . Repair Station Hacks 8 | . 2 6 . Scan Component 4 | . 1 3 . Repair 4 | . 1 3 . Recycling Unit Hacks 1 | . . 1 . Recycle Component 1 | . . 1 . Scanalyzer . | . . . . Garrison Access Hacks . | . . . . Unauthorized Hacks . | . . . . Terminals . | . . . . Fabricators . | . . . . Repair Stations . | . . . . Recycling Units . | . . . . Scanalyzers . | . . . . Garrison Access . | . . . . Data Cores Recovered . | . . . . Used . | . . . . Hacking Detections 4 | . 3 1 . Full Trace Events 2 | . 1 1 . Feedback Events . | . . . . Feedback Blocked . | . . . . Robot Schematics Acquired . | . . . . Robots Built . | . . . . Authchips . | . . . . Time . | . . . . Total Robot Build Rating . | . . . . Part Schematics Acquired . | . . . . Parts Built . | . . . . Authchips . | . . . . Time . | . . . . Total Part Build Rating . | . . . . Parts Repaired 4 | . 1 3 . Time 110 | . 32 78 . Parts Recycled 1 | . . 1 . Recycled Matter . | . . . . Retrieved Matter . | . . . . Retrieved Components . | . . . . Parts Scanalyzed . | . . . . Part Schematics Acquired . | . . . . Parts Damaged . | . . . . Bothacking | -11 -10 -9 -8 ------------ Run | Yrd Mat Mat Mat Used RIF Installer . | . . . . Robots Hacked . | . . . . Non-combat . | . . . . Combat . | . . . . Robot Hacks Applied . | . . . . Relay Couplers Released . | . . . . Fabnet Peak Effective % . | . . . . Robots Rewired . | . . . . Allies Hacked . | . . . . Hacks Repelled . | . . . . Allies | -11 -10 -9 -8 -------- Run | Yrd Mat Mat Mat Total Allies . | . . . . Largest Group . | . . . . Highest-Rated Group . | . . . . Highest-Rated Ally . | . . . . Total Orders . | . . . . Ally Attacks . | . . . . Total Damage . | . . . . Kills . | . . . . Allies Corrupted . | . . . . Allies Melted . | . . . . Intel | -11 -10 -9 -8 ------- Run | Yrd Mat Mat Mat Robot Analysis Total . | . . . . Derelict Logs Recovered . | . . . . Drone Launches . | . . . . Drone Recoveries . | . . . . Exploration | -11 -10 -9 -8 ------------- Run | Yrd Mat Mat Mat Turns Passed 3016 | 105 1421 1105 385 Spaces Moved 1442 | 85 804 464 89 Core 56 | 49 . . 7 Treads 689 | 36 653 . . Legs 628 | . 151 464 13 Wheels . | . . . . Hover 69 | . . . 69 Flight . | . . . . Fastest Speed 50 | 50 120 120 168 Average Speed 162 | 96 152 165 295 Slowest Speed 1600 | 160 160 330 1600 Overloaded Moves . | . . . . Propulsion Burnouts . | . . . . Robots Hopped . | . . . . Cave-ins Triggered . | . . . . Exploration Rate (%) 33 | 4 92 26 11 Regions Visited 3 Branch Regions . Pre-discovered Areas . | . . . . Known Exits Taken . | . . . . Unknown Exits Taken 3 | 1 1 1 . Scrap Searched . | . . . . Spaces Dug . | . . . . Terrain Destroyed 91 | 3 8 . 80 Melee . | . . . . Projectile 5 | . . . 5 AOE 86 | 3 8 . 75 Terrain Rammed . | . . . . Walls Destroyed . | . . . . Machines Disabled . | . . . . Actions | -11 -10 -9 -8 --------- Run | Yrd Mat Mat Mat Total 1827 | 100 903 657 167 Wait 79 | . . 57 22 Move 1439 | 84 803 463 89 Hop . | . . . . Pick Up 65 | 6 20 29 10 Fast Attach . | . . . . Attach 28 | 5 9 8 6 Detach . | . . . . Swap 31 | 1 11 11 8 Drop 27 | . 9 12 6 Fire 157 | 4 51 77 25 Melee . | . . . . Ram 1 | . . . 1 Kick . | . . . . Crush . | . . . . Escape Stasis . | . . . . Rewire . | . . . . Trap . | . . . . Miscellaneous . | . . . . Route ------- -11/Scrapyard -10/Materials (discovered 4 exits: *Mat x3 / [*Min]) -9/Materials (discovered 2 exits: [*Mat] / [*Sto]) -8/Materials History --------- Turn | Location | Event 13 | -11/Scrapyard | Discovered new exit (range 14) 106 | -11/Scrapyard | Entered Materials 212 | -10/Materials | Discovered new exit (range 14) 328 | -10/Materials | Build established: Mutant 732 | -10/Materials | Repaired Hvy. EM Pulse Gun? 955 | -10/Materials | Discovered new exit (range 4) 1094 | -10/Materials | Discovered new exit (range 11) 1516 | -10/Materials | Discovered new exit (range 5) 1527 | -10/Materials | Entered another Materials area 1527 | -9/Materials | Evolved 2 slots: Propulsion x2 1605 | -9/Materials | Discovered new exit (range 6) 1766 | -9/Materials | Repaired Aluminum Leg 1792 | -9/Materials | Repaired Aluminum Leg 1831 | -9/Materials | Repaired Aluminum Leg 2436 | -9/Materials | Discovered new exit (range 4) 2515 | -9/Materials | Core integrity fell below 50% 2570 | -9/Materials | Build established: Scavenger-Mutant 2632 | -9/Materials | Entered another Materials area 2632 | -8/Materials | Evolved 2 slots: Utility x2 2850 | -8/Materials | Garrison activated, responded to threat 2943 | -8/Materials | Core integrity fell below 50% 2976 | -8/Materials | Lost 9 parts (1p3n2u3w) 3012 | -8/Materials | Core integrity fell below 20% 3017 | -8/Materials | Destroyed by Y-45 Defender with Beam Rifle Last Messages --------------- U-05 Engineer lays Concrete. U-05 Engineer builds a Wall. U-05 Engineer lays Concrete. U-05 Engineer builds a Wall. U-05 Engineer lays Concrete. U-05 Engineer builds a Wall. U-05 Engineer builds a Door. U-05 Engineer lays Concrete. U-05 Engineer builds a Wall. U-05 Engineer lays Concrete. U-05 Engineer builds a Wall. U-05 Engineer lays Concrete. U-05 Engineer builds a Wall. U-05 Engineer lays Concrete. W-25 Informer sends out distress signal. U-05 Engineer lays Concrete. U-05 Engineer builds a Wall. S-10 Pest destroyed. U-05 Engineer builds a Wall. U-05 Engineer lays Concrete. Map ----- +----------------------------------------------------+ | ?????????????????????????????????????????????????? | | ?????????????????????????????????????????????????? | | ?????????????????????????????????????????????????? | | ?????????????????????????????????????????????????? | | ?????????????????????????????????????????????????? | | ?????????????????????????????????????????????????? | | ?????????????????????????????????????????????????? | | ?????????????????????????????????????????????????? | | ?????????????????????????????????????????????????? | | ?????????????????????????????????????????????????? | | ?????????????????????????????????????????????????? | | ?????????????????????????????????????????????????? | | ?????????????????????????????????????????????????? | | ?????????????????????????????????????????????????? | | ????????????????????????????[???? ???????????????? | | ???????????????????????????? ???" ???????????????? | | ???????????????????????????? ???" ???????????????? | | ??????????????????????##+### ?? #??????????????? | | ??????????????????????# # ??" #??????????????? | | ??????????????????????# #/ ?"" #??????????????? | | ???????????????#??????# # """ #??????????????? | | ???????????????# ?????# #= #?????????? ?? | | ???????????????# ???# = # """ #?????????# #? | | ???????????????# ??# # """ #?????????# #? | | ???????????????# ## # """ #?????????# #? | | ???????????????# #s%@s Y ##????????# #? | | ???????????????# # [ s####+# ###?####??# #? | | ???????????????###+######+## ## #### #? | | ???????????# % [ ### ### #? | | ???????????" [ ! ! #? | | ???????????# """ % %% =%!% #? | | ???????????????""" ####+###%[ == #? | | ????????????????"" [ =## ] #? | | ??????????????? # " ##! ==[ ^ #? | | ?????????????? ?### " ##[= ^ " "" #? | | ?????????????* ????# ""!## % """""""" ## | | ??????????????####?????# ## """ """ | | ??????????????????????# ] ## | | ??????????????????????## % ?# | | ???????????????????????# ?# ################# | | ???????????????????????#* ?# #???????????????? | | ???????????????????????#####?# #???????????????? | | ?????????????????????????????+ ???????????????? | | ???????????????????????????? # #???????????????? | | ???????????????????????????? # ????????????????? | | ???????????????????????????#?# ????????????????? | | ?????????????????????????????# ????????????????? | | ?????????????????????????????# ?????????????????? | | ?????????????????????????????# ?????????????????? | | ????????????????????????????? ?????????????????? | +----------------------------------------------------+ Best States ------------- Heat Dissipation 45 Energy Generation 10 Energy Capacity 250 Matter Stores 300 Matter Capacity 300 Sight Range 16 Terrain Scan Density 10 Power Shielding 33 Evasion (%) 55 Recoil Reduction 2 Offensive Hacking 20 Item Schematics ----------------- None Robot Schematics ------------------ None Fabricated ------------ Nothing Alien Tech Used ----------------- None Achievements -------------- Everything Is Under Control Oops Challenges ------------ None Game ------ Seed GuidedCryofiberSheargun Manual? 0 Play Time 00:28:21 Cumulative 2.5 hours Start 2024.04.06 @ 12:17:38 End 2024.04.06 @ 12:42:17 Sessions 1 Manual Loads 0 Difficulty Rogue Special Mode None Game No. 6 Rogue 6 Adventurer 0 Explorer 0 Win Type - Total 0 Types 0/0/0/0/0/0/0/0/0 Lore% 1 Gallery% 7 Achievement% 8 Wizard Run 0 Options --------- Layout 0 ASCII 0 Keyboard 0 Movement Arrows Keybinds 0 Fullscreen 1 Font 24/Smallcaps Map View 76x50 Zoom Use 0% Tactical HUD 0 Map Filters NONE Filters NONE Steam 1 RUN: 1c3fce00-3ae3-4fee-9383-f007229a0030